 Dungeon Crawl Stone Soup version 0.27-a0-200-g8ba017916c (webtiles) character file.

Game seed: 8618580105805857929

79 kae the Chopper (level 4, -3/40 HPs)
             Began as a Hill Orc Fighter on Jan 29, 2021.
             Slain by an ogre
             ... wielding a +0 giant club
              (24 damage)
             ... on level 4 of the Dungeon.
             The game lasted 00:04:03 (1509 turns).

kae the Chopper (Hill Orc Fighter)                  Turns: 1509, Time: 00:04:03

Health: -3/40      AC:  9    Str: 19    XL:     4   Next: 37%
Magic:  4/4        EV:  7    Int:  8    God:
Gold:   176        SH: 14    Dex: 10    Spells: 3/3 levels left

rFire    + . .     SeeInvis .   n - +7 war axe
rCold    x . .     Faith    .   c - +0 kite shield
rNeg     . . .     Spirit   .   b - +0 scale mail
rPois    .         Reflect  +   (no helmet)
rElec    .         Harm     .   (no cloak)
rCorr    .         Rampage  .   (no gloves)
Will     .....                  f - +1 pair of boots
Stlth    ..........             e - amulet of reflection
HPRegen  0.13/turn              j - ring of fire
MPRegen  0.09/turn              (no ring)

@: no status effects
A: no striking features
a: no special abilities


You were on level 4 of the Dungeon.
You visited 1 branch of the dungeon, and saw 4 of its levels.

You collected 176 gold pieces.

Inventory:

Hand Weapons
 a - a +0 war axe
 n - a +7 war axe (weapon)
Armour
 b - a +0 scale mail (worn)
 c - a +0 kite shield (worn)
 f - a +1 pair of boots (worn)
Jewellery
 e - an amulet of reflection (around neck)
 j - a ring of fire (left hand)
Scrolls
 i - a scroll of remove curse
 k - 2 scrolls of teleportation
 r - a scroll of enchant weapon
Potions
 d - 2 potions of might
 g - a potion of mutation
 h - a potion of degeneration
 l - a potion of attraction {unknown}
 p - a potion of flight {unknown}


   Skills:
 + Level 4.2 Fighting
 * Level 4.3 Axes
 + Level 3.8 Armour
 + Level 1.1 Dodging
 - Level 3.2 Shields


You had 3 spell levels left.
You didn't know any spells.
Your spell library was empty.

Dungeon Overview and Level Annotations

Branches:
Dungeon (4/15)
 Temple: D:4-7

Altars:
Sif Muna


Message History

You block the ogre's attack.
You slash the ogre!
The ogre is almost dead.
The ogre hits you with a +0 giant club!!
Ouch! That really hurt!
You block the ogre's attack.
You are too injured to fight recklessly!
You are too injured to fight recklessly!
You are too injured to fight recklessly!
You are too injured to fight recklessly!
You barely miss the ogre.
The ogre is almost dead.
You hit the frilled lizard.
You kill the frilled lizard!
The ogre closely misses you.
You closely miss the ogre.
The ogre is almost dead.
The ogre hits you with a +0 giant club!!
Ouch! That really hurt!
You die...

#### ?..
#.######O###<#.
#.§§§§§@.......
######§#####.#.
#§# #§#


You could see an ogre.

Vanquished Creatures
  An adder (D:2)
  2 worms
  A dart slug (D:1)
  6 leopard geckos
  An orc (D:3)
  A ball python (D:1)
  2 giant cockroaches
  4 goblins
  8 hobgoblins
  7 jackals (D:3)
  A quokka (D:2)
  5 bats
  3 frilled lizards
  5 kobolds
  2 rats (D:2)
49 creatures vanquished.

Notes
Turn   | Place    | Note
-------+----------+-------------------------------------------
     0 | D:1      | kae the Hill Orc Fighter began the quest for the Orb.
     0 | D:1      | Reached XP level 1. HP: 19/19 MP: 1/1
    92 | D:1      | Reached XP level 2. HP: 20/27 MP: 2/2
   451 | D:1      | Reached XP level 3. HP: 32/33 MP: 3/3
   824 | D:2      | Reached skill level 1 in Dodging
   930 | D:2      | Reached XP level 4. HP: 40/40 MP: 4/4
  1049 | D:2      | Found a shimmering blue altar of Sif Muna.
  1501 | D:4      | Noticed an ogre
  1509 | D:4      | Slain by an ogre

Illustrated notes

Levels and vault maps discovered:
D:1:      dpeg_arrival_shelter, layout_rooms, minmay_unequal
D:2:      layout_rooms, led_sif_pool
D:3:      layout_rooms
D:4:      layout_loops_ring

Skill      XL: |  1  2  3 |
---------------+----------+-----
Axes           | 3 4 |  4.3
Fighting       | 4 |  4.2
Dodging        | 1 |  1.1
Armour         | |  3.8
Shields        | |  3.2

Action                   |  1- 3 |  4- 6 || total
-------------------------+-------+-------++-------
Melee: War axe           |   111 |    32 ||   143
  Use: Scroll            |     6 |     5 ||    11
Armor: Scale mail        |    46 |     7 ||    53
Dodge: Dodged            |    26 |     9 ||    35
Block: Kite shield       |   105 |    21 ||   126
       Reflection        |     1 |       ||     1

Table legend: (Time is in decaauts)
 A = Elapsed time spent in this place.
 B = Non-inter-level travel time spent in this place.
 C = Inter-level travel time spent in this place.
 D = Time resting spent in this place.
 E = Time spent auto-exploring this place.
 F = Levels seen in this place.
 G = Mean time per level.
                   A        B        C        D        E       F      G
               +--------+--------+--------+--------+--------+-----+--------+
         Total |   1585 |   1518 |     67 |      0 |   1050 |   4 |  396.2 |
       Dungeon |   1585 |   1518 |     67 |      0 |   1050 |   4 |  396.2 |
               +--------+--------+--------+--------+--------+-----+--------+

Top non-repeatable levels by time:
     D:1: 678 daAuts
     D:2: 455 daAuts
     D:3: 434 daAuts
     D:4: 15 daAuts
